 Dungeon Crawl Stone Soup version 0.18.1-5-g4a78601 (webtiles) character file.

593 richardnixon the Spear-Bearer (level 7, -1/52 HPs)
             Began as a Merfolk Abyssal Knight on May 14, 2016.
             Was an Elder of Lugonu.
             Slain by Grinder (6 damage)
             ... while paralysed by Grinder
             ... on level 3 of the Dungeon.
             The game lasted 00:08:28 (3968 turns).

richardnixon the Spear-Bearer (MfAK)                Turns: 3968, Time: 00:08:29

Health: -1/52      AC:  3    Str: 12    XL:     7   Next: 39%
Magic:  11/11      EV:  2    Int: 12    God:    Lugonu [****..]
Gold:   206        SH:  0    Dex: 15    Spells: 0 memorised, 6 levels left

rFire  . . .     SeeInvis .     a - +1 spear
rCold  . . .     Gourm    .     b - +0 leather armour
rNeg   . . .     Faith    +     (no shield)
rPois  .         Spirit   .     (no helmet)
rElec  .         Dismiss  .     (no cloak)
rCorr  .         Reflect  .     (no gloves)
SustAt .         Harm     .     (no boots)
MR     .....                    s - amulet of faith (curse)
Stlth  +.........               (no ring)
                                (no ring)

@: paralysed, not resistant to hostile enchantments, very unstealthy
A: change form in water, swift swim
a: Depart the Abyss, Bend Space, Banish, Corrupt, Renounce Religion


You were on level 3 of the Dungeon.
You worshipped Lugonu.
Lugonu was greatly pleased with you.
You were very hungry.

You visited 1 branch of the dungeon, and saw 3 of its levels.
You visited the Abyss 1 time.
You also visited: Sewer.

You collected 206 gold pieces.

Inventory:

Hand Weapons
 a - a +1 spear (weapon)
Armour
 b - a +0 leather armour (worn)
Jewellery
 s - a cursed amulet of faith (around neck)
 w - a +4 ring of intelligence {unknown}
Wands
 p - a wand of enslavement (16/24)
Scrolls
 f - 2 scrolls of immolation {unknown}
 g - 2 scrolls of remove curse {unknown}
 h - 2 scrolls of noise {unknown}
 i - 2 scrolls of random uselessness {unknown}
 j - a scroll of amnesia {unknown}
 l - 4 scrolls of identify {unknown}
 m - 2 scrolls of teleportation {unknown}
 t - 3 scrolls of fog {unknown}
 v - a scroll of enchant weapon {unknown}
Potions
 d - 2 potions of cancellation {unknown}
 e - a potion of curing
 k - 3 potions of haste {unknown}
 n - a potion of resistance {unknown}
 o - a potion of degeneration {unknown}
 r - a potion of brilliance {unknown}
 u - 4 potions of flight {unknown}
 z - a potion of berserk rage {unknown}
Comestibles
 c - 2 bread rations
 q - 12 fruits
 x - a royal jelly


   Skills:
 - Level 3.2 Fighting
 + Level 9.2 Polearms
 - Level 0.6 Armour
 - Level 2.6 Dodging
 * Level 5.4 Invocations


You had 6 spell levels left.
You didn't know any spells.

Dungeon Overview and Level Annotations

Branches:
Dungeon (3/15)

Altars:

Annotations:
D:3 Grinder


Message History

You hit Grinder.
Grinder is severely wounded.
You hit Grinder.
Grinder is almost dead.
Grinder hits you.
You writhe in agony.
* * * LOW HITPOINT WARNING * * *
You are too injured to fight recklessly!
You are too injured to fight recklessly!
Drink which item? (? for menu, Esc to quit)
You feel better.
Grinder blinks!
Grinder gestures at you.
You suddenly lose the ability to move!
Grinder hits you!
* * * LOW HITPOINT WARNING * * *
You writhe in agony.
* * * LOW HITPOINT WARNING * * *
Grinder hits you.
* * * LOW HITPOINT WARNING * * *
You writhe in agony.
You die...

#.# .#.# #.# #.# #.# #.#
# #.# #.# #.# #.## #.#
#.# #.# ### ###.#. ..#
#.#####.# ... ..... >.
#.......# #.# ...
............... ..
##.###################.#
..
#......@5.....(........#
#.
####.#################.#
. #....# . #.. ...
##...# ... ###
.....#...#.....
.....'5..'...."
.....#...#.....
....##...##.... ...#
#...# #...


You could see Grinder.

Vanquished Creatures
  A kobold demonologist (Sewer)
  A big kobold (Sewer)
  A hound (D:3)
  3 big kobold zombies (Sewer)
  A river rat (D:3)
  2 adders
  3 shadow imps (Sewer)
  2 ufetubi (Sewer)
  An ooze (D:1)
  An adder zombie (Sewer)
  5 worms
  2 dart slugs (D:1)
  2 giant geckos (D:1)
  5 giant cockroaches
  8 goblins
  5 hobgoblins
  7 jackals
  24 kobolds
  10 bats
  A giant newt (D:2)
  A kobold zombie (Sewer)
  4 rats
90 creatures vanquished.

Notes
Turn   | Place    | Note
--------------------------------------------------------------
     0 | Abyss:1  | richardnixon the Merfolk Abyssal Knight began the quest for the Orb.
     0 | Abyss:1  | Reached XP level 1. HP: 18/18 MP: 2/2
    41 | D:1      | Escaped the Abyss
    99 | D:1      | Reached XP level 2. HP: 14/24 MP: 4/4
   607 | D:1      | Reached XP level 3. HP: 27/29 MP: 5/5
   680 | D:1      | Reached ** piety under Lugonu
  1056 | D:2      | Reached skill level 4 in Polearms
  1598 | D:2      | Reached XP level 4. HP: 14/35 MP: 6/6
  2222 | D:3      | Reached skill level 5 in Polearms
  2333 | D:3      | Found a glowing drain.
  2343 | D:3      | Reached *** piety under Lugonu
  2366 | D:3      | Reached XP level 5. HP: 38/41 MP: 8/8
  2369 | Sewer    | Entered a sewer
  2748 | Sewer    | Reached skill level 6 in Polearms
  2940 | Sewer    | Reached **** piety under Lugonu
  2951 | Sewer    | Found a burning altar of Makhleb.
  3115 | Sewer    | Noticed an apprentice kobold demonologist
  3415 | Sewer    | Killed an apprentice kobold demonologist
  3415 | Sewer    | Reached skill level 8 in Polearms
  3415 | Sewer    | Reached skill level 5 in Invocations
  3415 | Sewer    | Reached XP level 6. HP: 40/47 MP: 9/9
  3415 | Sewer    | Reached XP level 7. HP: 45/52 MP: 10/10
  3553 | Sewer    | Reached skill level 9 in Polearms
  3913 | D:3      | Noticed Grinder
  3918 | D:3      | Paralysed by Grinder for 4 turns
  3964 | D:3      | Paralysed by Grinder for 6 turns
  3968 | D:3      | Slain by Grinder

Skill      XL: |  1  2  3  4  5  6  7 |
---------------+----------------------+-----
Invocations    | 3 4 5 |  5.4
Polearms       | 4 5 8 9 |  9.2
Fighting       | |  3.2
Armour         | |  0.6
Dodging        | |  2.6

Action                   |  1- 3 |  4- 6 |  7- 9 || total
-------------------------+-------+-------+-------++-------
Melee: Spear             |   138 |   284 |    93 ||   515
       Tailslap          |       |    14 |       ||    14
  Use: Potion            |       |       |     1 ||     1
 Stab: Sleeping          |       |     2 |     1 ||     3
  Eat: Chunk             |     1 |     5 |     1 ||     7
       Fruit             |       |     2 |       ||     2
Armor: Leather armour    |    25 |    31 |    10 ||    66
Dodge: Dodged            |    75 |   107 |    18 ||   200
